 Dungeon Crawl Stone Soup version 0.31-a0-460-g9e667d4245 (webtiles) character file.

Game seed: 17844851459670202588

43398 MisterAzrael the Fighter (level 13, -7/116 HPs)
             Began as a Minotaur Fighter on Aug 4, 2023.
             Was the Champion of Okawaru.
             Hit by a large rock thrown by a stone giant (27 damage)
             ... on level 1 of the Depths.
             The game lasted 00:28:11 (14620 turns).

MisterAzrael the Fighter (Minotaur Fighter)        Turns: 14620, Time: 00:28:11

Health: -7/116     AC: 19    Str: 26    XL:     13   Next: 90%
Magic:  18/18      EV:  7    Int: 14    God:    Okawaru [******]
Gold:   202        SH: 12    Dex: 15    Spells: 12/12 levels left

rFire   + . .        e - +10 flail "Zuciecha" {protect, Will+++ Int+3 Dex+3 Stlth-}
rCold   . . .        E - +0 kite shield
rNeg    + . .        s - +4 plate armour {Will+}
rPois   +            (helmet currently unavailable)
rElec   .            w - melded +0 cloak {Will+}
rCorr   .            P - melded +1 pair of gloves {hurl}
SInv    .            (boots currently unavailable)
Will    ++++.        V - amulet of regeneration Stlth
                     m - ring of Molaoxtat {Contam rN+ Int+6 Dex+2 Slay+2}
HPRegen 1.19/turn    D - ring of protection from fire
MPRegen 0.16/turn

%: clarity
@: beast-form, studying Shapeshifting
A: beast (slay +5), horns 2, retaliatory headbutt, clarity, poison resistance,
screaming 1
a: Begin Untransformation, Renounce Religion, Heroism, Finesse, Duel


You were on level 1 of the Depths.
You worshipped Okawaru.
Okawaru was exalted by your worship.
You were a hulking beast.
You visited 2 branches of the dungeon, and saw 15 of its levels.
You also visited: Ossuary.

You collected 1228 gold pieces.
You spent 1026 gold pieces at shops.

Inventory:

Hand Weapons
 e - the +10 flail "Zuciecha" (weapon) {protect, Will+++ Int+3 Dex+3 Stlth-}
   (Okawaru gifted it to you on level 12 of the Dungeon)

   Int:       It affects your intelligence (+3).
   Dex:       It affects your dexterity (+3).
   Will:      It greatly increases your willpower.
   Stlth:     It makes you less stealthy.
 g - the +8 mace of Agony {flame, Int+2}
   (You found it on level 1 of the Depths)

   Int:       It affects your intelligence (+2).
 j - a +5 demon trident of pain
 G - a +1 great sword of holy wrath
Missiles
 a - 2 atropa-tipped darts
 o - 3 boomerangs
 q - 9 silver javelins (quivered)
 B - 2 darts of dispersal
 C - 22 poisoned darts
 J - 8 throwing nets
 Q - 6 javelins
 Y - 2 curare-tipped darts
Armour
 s - a +4 plate armour of willpower (worn)
 w - a +0 cloak of willpower (melded)
 E - a +0 kite shield (worn)
 H - the +0 cloak "Ocularoa" {rPois rF- Stlth+}
   (Okawaru gifted it to you on level 13 of the Dungeon)

   rF:        It makes you vulnerable to fire.
   rPois:     It protects you from poison.
   Stlth:     It makes you more stealthy.
 P - a +1 pair of gloves of hurling (melded)
Jewellery
 m - the ring of Molaoxtat (left hand) {Contam rN+ Int+6 Dex+2 Slay+2}
   (You found it on level 2 of the Dungeon)

   [ring of intelligence]

   Int:       It affects your intelligence (+6).
   Dex:       It affects your dexterity (+2).
   Slay:      It affects your accuracy & damage with ranged weapons and melee
   (+2).
   rN:        It protects you from negative energy.
   Contam:    It causes magical contamination when unequipped.
 p - a ring of wizardry
 D - a ring of protection from fire (right hand)
 T - a ring of ice
 V - an amulet of regeneration (around neck)
Talismans
 M - a beast talisman (active)
Wands
 c - a wand of polymorph (4)
 I - a wand of flame (32)
 K - a wand of digging (7)
 W - a wand of light (4)
 X - a wand of roots (9)
Scrolls
 b - a scroll of vulnerability {unknown}
 f - a scroll of identify
 r - 5 scrolls of teleportation
 v - a scroll of torment
 x - 3 scrolls of fog
 L - 2 scrolls of blinking
 R - 3 scrolls of brand weapon
 Z - 2 scrolls of enchant weapon
Potions
 d - 3 potions of might
 i - 2 potions of resistance
 n - 2 potions of ambrosia {unknown}
 t - 6 potions of curing
 u - 3 potions of brilliance
 A - a potion of lignification
 O - a potion of haste {unknown}


   Skills:
 + Level 11.1 Fighting
 - Level 3.7(4.1) Short Blades
 - Level 2.6(3.8) Long Blades
 - Level 1.1(7.2) Axes
 * Level 7.7(9.4) Maces & Flails
 - Level 8.2(9.8) Polearms
 - Level 8.2(10.9) Staves
 + Level 7.9 Throwing
 + Level 11.1 Armour
 + Level 11.0 Shields
 - Level 3.6 Necromancy
 * Level 9.3 Invocations
 * Level 7.3 Shapeshifting


You had 12 spell levels left.
You didn't know any spells.
Your spell library contained the following spells:

 Spells                   Type           Power      Damage    Failure   Level
 Freeze                   Ice            0%         1d3       99%         1
 Scorch                   Fire           0%         2d5       99%         2
 Frozen Ramparts          Ice            0%         1d1       100%        3
 Hailstorm                Conj/Ice       0%         3d3       100%        3
 Vhi's Electric Charge    Tloc/Air       0%         N/A       100%        3
 Volatile Blastmotes      Fire/Tloc      0%         2d10      100%        3
 Fulminant Prism          Conj/Hex       0%         3d5       100%        4
 Iskenderun's Mystic Bla  Conj/Tloc      0%         2d3       100%        4
 Leda's Liquefaction      Hex/Erth       0%         N/A       100%        4
 Arcjolt                  Conj/Air       0%         1d10      100%        5
 Lee's Rapid Deconstruct  Erth           0%         3d4*      100%        5
 Leda's Unmaking          Conj/Erth      0%         9d1       100%        6
 Maxwell's Capacitive Co  Air            0%         ∞         100%        8


Dungeon Overview and Level Annotations

Branches:
Dungeon (15/15)            Temple (0/1) D:6            Lair (0/5) D:8
    Orc (0/2) D:11         Depths (1/4) D:15        Ossuary (visited)
 Vaults: D:13-14

Altars:
Ashenzari
Cheibriados
Elyvilon
Okawaru
Vehumet
Wu Jian
Xom
Zin

Shops:
D:3 [:((   D:4 *   D:6 :   D:8 :   D:11 ?

Annotations:
Depths:1 ayayaya's ghost, adept OpVM


Innate Abilities, Weirdness & Mutations

You are a hulking beast.
Your limbs bulge with bestial killing power. (Slay +5)
You have a pair of horns on your head.
You reflexively headbutt those who attack you in melee.
You possess an exceptional clarity of mind.
Your system is resistant to poisons. (rPois)
You occasionally shout uncontrollably at your foes.


Message History

Found an arbalest.
The stone giant throws a large rock.
The large rock hits you!!!
You hear a horrible gurgling sound!
You hear a shout!
You hear a horrible gurgling sound! x2; You hear a deafening roar!
There is an open door, spattered with blood here.
A stone giant comes into view.
The stone giant throws a large rock.
The large rock barely misses you.
A white ugly thing comes into view.
The white ugly thing gurgles horribly!
You hear a horrible gurgling sound!
You hear a grinding noise.
You hit the stone giant.
Your weapon exudes an aura of protection.
You headbutt the stone giant!
The stone giant is moderately wounded.
A white ugly thing comes into view.
The stone giant hits you but does no damage.
You hit the stone giant.
The stone giant is moderately wounded.
A white ugly thing comes into view.
You block the stone giant's attack. The white ugly thing pecks you!
The white ugly thing freezes you!!
The stone giant throws a large rock.
The large rock hits you!!
* * * LOW HITPOINT WARNING * * *
The white ugly thing basks in the mutagenic energy from its kin and changes!
The stone giant throws a large rock.
The large rock completely misses you.
There is an open door, spattered with blood here.
You feel better.
A white ugly thing comes into view.
The white ugly thing gurgles horribly!
The stone giant hits you!
* * * LOW HITPOINT WARNING * * *
An ice dragon comes into view.
The stone giant hits you but does no damage.
There is an open door here.
The stone giant throws a large rock.
The large rock completely misses you.
The stone giant throws a large rock.
You block the large rock.
The stone giant throws a large rock.
The large rock hits you but does no damage.
The stone giant throws a large rock.
The large rock hits you!!
You die...

#....uu###
#......'.#
#.....##.#
#.##..#Cu#
##..#..#C##
###...####.#
####........'.#
#.........###.#
........###..h#
......+.+.....#
.........#....#
.........##..##
.###.....<'..#
##.##.....#.##
#...#.....###
.*#[#.....#
.#.##....#


You could see 2 stone giants and a white ugly thing.

Vanquished Creatures
  An ettin (Depths:1)
  Erica (D:10)
  A catoblepas (D:15)
  3 centaur warriors (D:15)
  2 boulder beetles
  4 two-headed ogres
  2 tengu warriors (D:12)
  A soul eater (D:12)
  Sonja (D:10)
  A sixfirhy (D:12)
  2 slime creatures (D:15)
  An orc knight (D:11)
  3 wizards (D:15)
  A wolf spider zombie (D:15)
  An orc sorcerer (D:12)
  A necromancer (D:15)
  A wolf spider (D:15)
  6 deep elf pyromancers
  3 cyclopes
  13 ugly things
  2 manticores
  A guardian serpent (D:11)
  2 rust devils (D:12)
  An orange demon (D:12)
  A centaur skeleton (D:15)
  An unseen horror (D:6)
  6 kobold demonologists (D:12)
  An efreet (D:15)
  2 tengu conjurers (D:12)
  A red devil (D:12)
  A hellwing (D:12)
  3 meliai (D:15)
  A hornet (D:9)
  Prince Ribbit (D:7)
  Grinder (D:6)
  11 trolls
  2 raiju (D:12)
  A shadow (D:11)
  2 vampires
  A wyvern (D:9)
  4 wraiths
  10 yaks
  2 basilisks
  2 vampire mosquitoes (D:11)
  2 neqoxecs (D:12)
  A steam dragon (D:6)
  Menkaure (D:5)
  An acid dragon (D:10)
  6 wargs (D:12)
  3 hell hounds (D:12)
  A water moccasin (D:5)
  An ice beast (D:6)
  2 black bears
  16 orc warriors
  A hornet zombie (D:15)
  2 ogres
  A centaur (D:10)
  A kobold brigand (D:7)
  A phantom (D:5)
  4 bullfrogs
  8 gnoll sergeants
  3 scorpions
  4 wights (D:9)
  7 killer bees (D:11)
  9 howler monkeys
  2 electric eels (D:6)
  4 quasits (D:12)
  13 hounds
  A jelly (D:4)
  8 orc priests
  Crazy Yiuf (D:3)
  4 gnoll boudas
  A sleepcap (D:6)
  3 iguanas
  19 orc wizards
  8 mummies (Ossuary)
  Robin (D:2)
  26 gnolls
  3 adders
  A white imp (D:5)
  An ufetubus (D:4)
  A dart slug (D:4)
  45 orcs
  6 bats
  3 endoplasms (D:1)
  14 goblins
  11 hobgoblins
  9 jackals
  3 quokkas
  12 ball pythons
  2 frilled lizards
  A gnoll zombie (Ossuary)
  2 goblin zombies (D:7)
  A hobgoblin zombie (Ossuary)
  14 kobolds
  2 kobold zombies (Ossuary)
  4 orc zombies (Ossuary)
  7 rats
417 creatures vanquished.

Vanquished Creatures (others)
  An orc (D:6)
1 creature vanquished.

Grand Total: 418 creatures vanquished

Notes
Turn   | Place    | Note
-------+----------+-------------------------------------------
     0 | D:1      | MisterAzrael the Minotaur Fighter began the quest for the
                  | Orb.
     0 | D:1      | Reached XP level 1. HP: 19/19 MP: 0/0
   190 | D:1      | Reached XP level 2. HP: 27/27 MP: 1/1
   371 | D:1      | Reached skill level 1 in Short Blades
   655 | D:2      | Found a radiant altar of Vehumet.
   779 | D:2      | Identified the ring of Molaoxtat {Contam rN+ Int+6 Dex+2
                  | Slay+2}
   818 | D:2      | Noticed Robin
   822 | D:2      | Reached XP level 3. HP: 33/33 MP: 2/2
   827 | D:2      | Killed Robin
  1021 | D:2      | Reached XP level 4. HP: 39/40 MP: 3/3
  1539 | D:3      | Found an iron altar of Okawaru.
  1551 | D:3      | Became a worshipper of Warmaster Okawaru
  1625 | D:3      | Found Gokkageu's Armour Shoppe.
  1713 | D:3      | Found Giahig's Book Emporium.
  1768 | D:3      | Found Sobi's Antique Weapon Shoppe.
  1785 | D:3      | Found Fangyad's Antique Weapon Shop.
  2051 | D:3      | Noticed an angel
  2052 | D:3      | Found a shimmering altar of Xom.
  2053 | D:3      | Found a glowing silver altar of Zin.
  2165 | D:3      | Found a runed translucent door.
  2166 | D:3      | Noticed Crazy Yiuf
  2246 | D:3      | Reached XP level 5. HP: 31/47 MP: 4/4
  2615 | D:3      | Killed Crazy Yiuf
  2724 | D:4      | Reached skill level 1 in Staves
  2724 | D:4      | Reached skill level 5 in Shields
  2724 | D:4      | Reached XP level 6. HP: 55/55 MP: 5/5
  2734 | D:4      | Reached skill level 5 in Fighting
  2734 | D:4      | Reached skill level 5 in Armour
  2864 | D:4      | Reached * piety under Okawaru
  3003 | D:4      | Found Ruzoo's Neck Hole.
  3261 | D:5      | Entered Level 5 of the Dungeon
  3374 | D:5      | Reached XP level 7. HP: 61/61 MP: 6/6
  4029 | D:5      | Noticed Menkaure
  4032 | D:5      | Killed Menkaure
  4032 | D:5      | Reached ** piety under Okawaru
  4138 | D:5      | Reached skill level 5 in Staves
  4138 | D:5      | Reached skill level 1 in Throwing
  4138 | D:5      | Reached XP level 8. HP: 70/70 MP: 7/7
  4384 | D:6      | Found an ornate altar of the Wu Jian Council.
  4531 | D:6      | Noticed Grinder
  4543 | D:6      | Killed Grinder
  4543 | D:6      | Reached *** piety under Okawaru
  4549 | D:6      | HP: 2/71 [electric eel/bolt of electricity (8)]
  4922 | D:6      | Found Licishud's Book Shop.
  4940 | D:6      | Found a staircase to the Ecumenical Temple.
  4957 | D:6      | Reached XP level 9. HP: 52/79 MP: 8/8
  5077 | D:6      | Killed an unseen horror
  5504 | D:7      | Noticed Prince Ribbit
  5515 | D:7      | Killed Prince Ribbit
  5853 | D:7      | Reached **** piety under Okawaru
  5854 | D:7      | Reached skill level 1 in Axes
  6053 | D:7      | Found a sand-covered staircase.
  6079 | Ossuary  | Entered an ossuary
  6570 | Ossuary  | Identified a scroll of acquirement
  6570 | Ossuary  | Acquired a +5 demon trident of pain
  6783 | D:8      | Reached skill level 1 in Polearms
  6787 | D:8      | Reached skill level 1 in Invocations
  6909 | D:8      | Found Leutyd's Book Emporium.
  6977 | D:8      | Found a staircase to the Lair.
  7341 | D:8      | Reached XP level 10. HP: 65/88 MP: 10/10
  8266 | D:9      | Received a gift from Okawaru
  8274 | D:9      | Reached skill level 1 in Necromancy
  8553 | D:9      | Found a snail-covered altar of Cheibriados.
  8557 | D:9      | Found a white marble altar of Elyvilon.
  8712 | D:9      | Reached ***** piety under Okawaru
  8880 | D:10     | Entered Level 10 of the Dungeon
  8968 | D:10     | Gained mutation: A frigid envelope surrounds you and
                  | freezes all who hurt you. [potion of mutation]
  8968 | D:10     | Gained mutation: You occasionally shout uncontrollably at
                  | your foes. [potion of mutation]
  8968 | D:10     | Gained mutation: You are partially covered in large bone
                  | plates. (SH +4) [potion of mutation]
  8969 | D:10     | Lost mutation: A frigid envelope surrounds you and freezes
                  | all who hurt you. [potion of mutation]
  8969 | D:10     | Lost mutation: You are partially covered in large bone
                  | plates. (SH +4) [potion of mutation]
  8969 | D:10     | Lost mutation: You occasionally shout uncontrollably at
                  | your foes. [potion of mutation]
  8969 | D:10     | Gained mutation: Your system is resistant to poisons.
                  | (rPois) [potion of mutation]
  8969 | D:10     | Gained mutation: You possess an exceptional clarity of
                  | mind. [potion of mutation]
  8979 | D:10     | Noticed Erica
  9000 | D:10     | Killed Erica
  9001 | D:10     | Reached skill level 5 in Polearms
  9001 | D:10     | Reached skill level 5 in Throwing
  9245 | D:10     | Received a gift from Okawaru
  9745 | D:10     | Noticed a two-headed ogre
  9756 | D:10     | Killed a two-headed ogre
  9757 | D:10     | Reached XP level 11. HP: 52/95 MP: 13/13
  9895 | D:10     | Noticed Sonja
  9913 | D:10     | Killed Sonja
  9926 | D:10     | Found a broken altar of Ashenzari.
 10049 | D:11     | Found Ynki's Magic Scroll Shop.
 10054 | D:11     | Found a staircase to the Orcish Mines.
 10056 | D:11     | Noticed an orc knight
 10375 | D:11     | Killed an orc knight
 10375 | D:11     | Received a gift from Okawaru
 10376 | D:11     | Reached skill level 5 in Invocations
 10653 | D:11     | Bought 3 scrolls of brand weapon for 456 gold pieces
 10653 | D:11     | Bought a scroll of enchant weapon for 120 gold pieces
 10720 | D:11     | Received a gift from Okawaru
 10805 | D:11     | Acquired a manual of Shapeshifting
 11034 | D:12     | Noticed a brown ugly thing
 11050 | D:12     | Noticed a two-headed ogre
 11052 | D:12     | Killed a brown ugly thing
 11053 | D:12     | Reached skill level 1 in Shapeshifting
 11064 | D:12     | Killed a two-headed ogre
 11080 | D:12     | Noticed a deep elf pyromancer
 11084 | D:12     | Killed a deep elf pyromancer
 11087 | D:12     | Received a gift from Okawaru
 11093 | D:12     | Noticed a deep elf pyromancer
 11133 | D:12     | Reached XP level 12. HP: 63/105 MP: 15/15
 11235 | D:12     | Reached ****** piety under Okawaru
 11235 | D:12     | Identified the +10 flail "Zuciecha" {protect, Will+++ Int+3
                  | Dex+3 Stlth-} (Okawaru gifted it to you on level 12 of the
                  | Dungeon)
 11235 | D:12     | Received a gift from Okawaru
 11319 | D:12     | Reached skill level 1 in Maces & Flails
 11327 | D:12     | Noticed a tengu warrior
 11376 | D:12     | Killed a tengu warrior
 11528 | D:12     | Reached skill level 10 in Fighting
 11535 | D:12     | Reached skill level 10 in Armour
 11644 | D:12     | Received a gift from Okawaru
 11648 | D:12     | Reached skill level 10 in Shields
 11827 | D:12     | Gained mutation: You occasionally shout uncontrollably at
                  | your foes. [a neqoxec]
 11863 | D:12     | Reached skill level 5 in Shapeshifting
 12033 | D:12     | Received a gift from Okawaru
 12095 | D:12     | Noticed a two-headed ogre
 12100 | D:12     | Killed a two-headed ogre
 12198 | D:12     | Noticed a boulder beetle
 12223 | D:12     | Killed a boulder beetle
 12224 | D:12     | Reached skill level 5 in Maces & Flails
 12468 | D:12     | Noticed a tengu warrior
 12500 | D:12     | Killed a tengu warrior
 12501 | D:12     | Reached XP level 13. HP: 21/114 MP: 16/18
 12757 | D:3      | Bought a +3 plate armour of willpower for 450 gold pieces
 13285 | D:13     | Identified the +0 cloak "Ocularoa" {rPois rF- Stlth+}
                  | (Okawaru gifted it to you on level 13 of the Dungeon)
 13285 | D:13     | Received a gift from Okawaru
 13454 | D:13     | You fall into a shaft and drop 2 floors!
 13454 | D:15     | Entered Level 15 of the Dungeon
 13517 | D:15     | Got the Octavo of Burning
 14398 | D:15     | Received a gift from Okawaru
 14413 | D:15     | Received a gift from Okawaru
 14425 | D:15     | Found a staircase to the Depths.
 14450 | Depths:1 | Entered Level 1 of the Depths
 14469 | Depths:1 | Identified the +8 mace of Agony {flame, Int+2}
 14481 | Depths:1 | Noticed an ettin
 14502 | Depths:1 | Killed an ettin
 14566 | Depths:1 | Noticed a cacodemon
 14567 | Depths:1 | Noticed a daeva
 14569 | Depths:1 | Noticed a cacodemon
 14569 | Depths:1 | Noticed an Executioner
 14570 | Depths:1 | Noticed an ancient lich
 14571 | Depths:1 | Noticed a cacodemon
 14572 | Depths:1 | Noticed ayayaya's ghost (adept OpVM)
 14603 | Depths:1 | Noticed a stone giant
 14605 | Depths:1 | Noticed a stone giant
 14620 | Depths:1 | Hit by a large rock thrown by a stone giant

Illustrated notes

Levels and vault maps discovered:
D:1:      reono_arrival_forest_river, layout_basic, kennysheep_pointless_box
D:2:      layout_basic, basic_altar, uniq_robin
D:3:      layout_basic, grunt_temple_overflow_order_and_chaos_1,
          lemuel_doored_altar, serial_shops, nicolae_shop_tiny_statue_garden,
          nicolae_shop_advertising_works [nicolae_subvault_shop_adworks], shop,
          nicolae_shop_pleasant_corner_grove, grunt_ministairs_1,
          uniq_crazy_yiuf_cottage
D:4:      layout_cave_pools, nicolae_shop_sticking_my_neck_out
D:5:      layout_gridville, uniq_menkaure
D:6:      cheibrodos_helix_gallery, layout_basic, mainiacjoe_overflow_24_doors,
          temple_green, serial_shops, nicolae_shop_peninsula, uniq_grinder
D:7:      layout_basic, enter_ossuary_4, uniq_prince_ribbit1
D:8:      layout_cave_pools, lair_entry_dummy, serial_gnoll_camp,
          gnoll_camp_mini_house, gnoll_camp_mini_doghouse, gnoll_camp_medium_02,
          gnoll_camp_mini_shop, roderic_serpentine_path, nicolae_the_louvre
D:9:      layout_roguey, jmf_multi_god_temple
D:10:     layout_roguey, kennysheep_mini_moat, uniq_erica, uniq_sonja
D:11:     layout_rooms, david_orc_5, serial_shops, nicolae_shop_gibbet_a_chance,
          minivault_1, nrook_guardian_serpent_ordinary
D:12:     lemuel_castle_with_subvaults [lemuel_castle_interior_carwin_1],
          layout_irregular_city, serial_demonic, serial_demonic_d,
          serial_demonic_a, serial_demonic_c, serial_demonic_g,
          minmay_misc_feat_tiny
D:13:     minmay_containers, layout_cave_pods
D:15:     grunt_enter_depths_magical_seal, layout_loops_ring
Depths:1: layout_honeycomb, enter_ziggurat_f, hellmouth_2,
          minmay_misc_feat_square, gammafunk_ghost_abyssal_escape,
          nicolae_wu_jian_wuxing_cycle, serial_bayou_shore_b

Skill      XL: |  1  2  3  4  5  6  7  8  9 10 11 12 13 |
---------------+----------------------------------------+-----
Short Blades   | 1 2 3 |  3.7
Armour         | 4 5 6 7 8 9 10 11 | 11.1
Shields        | 4 5 6 7 8 9 10 11 | 11.0
Fighting       | 4 5 6 7 8 9 10 11 | 11.1
Staves         | 1 3 5 7 8 |  8.2
Throwing       | 1 3 4 5 6 7 |  7.9
Axes           | 1 |  1.1
Polearms       | 2 5 7 8 |  8.2
Invocations    | 1 4 6 8 9 |  9.3
Necromancy     | 2 3 |  3.6
Shapeshifting  | 2 5 7 |  7.3
Maces & Flails | 5 7 |  7.7
Long Blades    | |  2.6

Action                     |  1- 3 |  4- 6 |  7- 9 | 10-12 | 13-15 || total
---------------------------+-------+-------+-------+-------+-------++-------
  Melee: Dagger            |    84 |    72 |       |       |       ||   156
         Long sword        |     7 |       |       |       |       ||     7
         Headbutt          |     9 |    16 |    35 |   102 |    55 ||   217
         Quarterstaff      |       |    48 |    70 |       |       ||   118
         Hand axe          |       |       |    45 |       |       ||    45
         Demon trident     |       |       |    43 |   414 |       ||   457
         Falchion          |       |       |    32 |       |       ||    32
         Flail             |       |       |       |   200 |   208 ||   408
  Throw: Javelin           |       |       |       |     2 |     2 ||     4
 Invoke: Heroism           |       |       |     1 |       |     1 ||     2
         Finesse           |       |       |       |       |     1 ||     1
  Evoke: Wand              |       |       |     9 |     1 |       ||    10
    Use: Scroll            |       |       |    12 |    11 |     2 ||    25
         Potion            |       |       |       |    10 |     1 ||    11
   Stab: Invisible         |       |       |       |     1 |       ||     1
 Armour: Scale mail        |    10 |       |       |       |       ||    10
         Plate armour      |    50 |    96 |   131 |   277 |   141 ||   695
         Troll leather arm |       |       |       |    63 |     2 ||    65
  Dodge: Dodged            |    23 |    37 |    66 |   202 |    52 ||   380
  Block: Buckler           |    20 |    15 |    41 |   287 |    11 ||   374
         Kite shield       |       |       |       |       |    98 ||    98
   Form: Beast             |       |       |       |     1 |       ||     1

Table legend: (Time is in decaauts)
 A = Elapsed time spent in this place.
 B = Non-inter-level travel time spent in this place.
 C = Inter-level travel time spent in this place.
 D = Time resting spent in this place.
 E = Time spent auto-exploring this place.
 F = Levels seen in this place.
 G = Mean time per level.
                   A        B        C        D        E       F      G
               +--------+--------+--------+--------+--------+-----+--------+
         Total |  14644 |  13800 |    844 |   1563 |   9216 |  16 |  915.2 |
       Dungeon |  13953 |  13109 |    844 |   1305 |   8933 |  14 |  996.6 |
        Depths |    170 |    170 |      0 |     58 |     66 |   1 |  170.0 |
       Ossuary |    520 |    520 |      0 |    200 |    217 |   1 |  520.0 |
               +--------+--------+--------+--------+--------+-----+--------+

Top non-repeatable levels by time:
    D:12: 1914 daAuts
    D:10: 1610 daAuts
     D:3: 1317 daAuts
     D:8: 1272 daAuts
     D:5: 1150 daAuts
     D:6: 1143 daAuts
    D:15: 981 daAuts
     D:7: 872 daAuts
     D:9: 867 daAuts
     D:2: 786 daAuts
     D:1: 657 daAuts
     D:4: 580 daAuts
    D:11: 569 daAuts
 Ossuary: 520 daAuts
    D:13: 229 daAuts
